 Dungeon Crawl Stone Soup version 0.22.1-2-g9c5b331 (webtiles) character file.

980 HoaS the Ruffian (level 8, -4/52 HPs)
             Began as a Gargoyle Berserker on Dec 26, 2018.
             Was a Priest of Trog.
             Slain by an orc warrior
             ... wielding a +0 halberd
              (11 damage)
             ... on level 6 of the Dungeon.
             The game lasted 00:11:58 (4751 turns).

HoaS the Ruffian (Gargoyle Berserker)               Turns: 4751, Time: 00:11:58

Health: -4/52      AC: 17    Str: 21    XL:     8   Next: 17%
Magic:  8/8        EV:  6    Int:  8    God:    Trog [***...]
Gold:   248        SH:  0    Dex: 11    Spells: 7/7 levels left

rFire    . . .     SeeInvis .     - Unarmed
rCold    . . .     Gourm    .   (no shield)
rNeg     + . .     Faith    .   A - +0 plate armour
rPois    ∞         Spirit   .   (no helmet)
rElec    +         Reflect  .   (no cloak)
rCorr    +         Harm     .   (no gloves)
MR       .....                  (no boots)
Stlth    ..........             (no amulet)
HPRegen  0.17/turn              r - ring of resist corrosion
MPRegen  0.11/turn              (no ring)

@: no status effects
A: negative energy resistance 1, electricity resistance, unbreathing,
petrification resistance, rot immunity, AC +5
a: Berserk, Trog's Hand, Renounce Religion


You were on level 6 of the Dungeon.
You worshipped Trog.
Trog was most pleased with you.
You were not hungry.

You visited 1 branch of the dungeon, and saw 6 of its levels.

You collected 248 gold pieces.

Inventory:

Armour
 A - a +0 plate armour (worn)
Jewellery
 d - an uncursed ring of flight
 g - an uncursed ring of fire
 r - a ring of resist corrosion (left hand)
 w - an uncursed ring of resist corrosion
Wands
 n - a wand of paralysis (18)
 x - a wand of random effects (25)
 y - a wand of digging (9)
Scrolls
 k - 9 scrolls of enchant weapon
 q - 3 scrolls of teleportation
 s - 2 scrolls of remove curse
Potions
 c - 2 potions of mutation {unknown}
 f - a potion of lignification {unknown}
 h - a potion of ambrosia {unknown}
 l - a potion of heal wounds {unknown}
 o - a potion of might {unknown}
 p - a potion of cancellation {unknown}
 t - 4 potions of curing {unknown}
 v - 4 potions of invisibility {unknown}
Comestibles
 b - 10 rations
 z - 3 chunks of flesh


   Skills:
 * Level 6.5 Fighting
 + Level 4.5 Armour
 - Level 1.5 Dodging
 * Level 7.2 Unarmed Combat


You had 7 spell levels left.
You didn't know any spells.
Your spell library was empty.

Dungeon Overview and Level Annotations

Branches:
Dungeon (6/15)
 Temple: D:4-7

Altars:
Kikubaaqudgha
Makhleb
The Shining One

Shops:
D:4 *


Innate Abilities, Weirdness & Mutations

You are resistant to torment.
Your stone body is resilient. (AC +5)
You are immune to poison.
You resist negative energy. (rN+)
You are resistant to electric shocks. (rElec)
You can survive without breathing.
You are immune to petrification.
You are immune to rotting.


Message History

You hit the orc warrior.
The orc warrior is heavily wounded.
The orc warrior hits you with a halberd.
* * * LOW HITPOINT WARNING * * *
The orc hits you but does no damage.
You hit the orc warrior.
The orc warrior is heavily wounded.
The orc warrior closely misses you. The orc hits you with a whip.
* * * LOW HITPOINT WARNING * * *
You barely miss the orc warrior.
The orc warrior is heavily wounded.
The orc hits you but does no damage.
You hit the orc warrior but do no damage.
The orc warrior is heavily wounded.
The orc warrior barely misses you.
You closely miss the orc warrior.
The orc warrior is heavily wounded.
The orc barely misses you.
The orc warrior hits you with a halberd!
You die...

##########.......#.##....#
#......)#..#....#
#.......##.#....#
#.......##.#....#
#.......##.#....#
##########.#....#
#.(.[......# #(##.#.....#
#@##.#.....#
#..oo##.......#
#.#######.....# # #..####
#.>..# ######


You could see an orc warrior and an orc.

Vanquished Creatures
  A phantom (D:4)
  A sky beast (D:4)
  A scorpion (D:4)
  2 crimson imps
  A bullfrog skeleton (D:5)
  A hound (D:5)
  A jelly (D:4)
  2 orc priests
  An orc wizard (D:6)
  Jessica (D:2)
  2 iguanas
  7 worker ants
  A hound zombie (D:5)
  A hound skeleton (D:6)
  A howler monkey skeleton (D:6)
  7 adders
  A river rat (D:4)
  A shadow imp (D:6)
  2 oozes
  An adder skeleton (D:3)
  2 worms
  2 dart slugs
  3 leopard geckos
  17 orcs
  2 ball pythons
  7 giant cockroaches
  8 hobgoblins
  8 jackals
  4 quokkas
  10 bats
  3 frilled lizards
  7 goblins
  A jackal zombie (D:5)
  3 kobolds
  9 rats
122 creatures vanquished.

Notes
Turn   | Place    | Note
-------+----------+-------------------------------------------
     0 | D:1      | HoaS the Gargoyle Berserker began the quest for the Orb.
     0 | D:1      | Reached XP level 1. HP: 14/14 MP: 1/1
   434 | D:1      | Reached XP level 2. HP: 19/19 MP: 2/2
   794 | D:1      | Reached skill level 4 in Unarmed Combat
   945 | D:2      | Reached XP level 3. HP: 23/23 MP: 3/3
   981 | D:2      | Noticed Jessica
   989 | D:2      | Killed Jessica
   989 | D:2      | Reached XP level 4. HP: 28/28 MP: 4/4
  1070 | D:2      | Reached skill level 5 in Unarmed Combat
  1072 | D:2      | Reached ** piety under Trog
  1305 | D:2      | Found an ancient bone altar of Kikubaaqudgha.
  1592 | D:3      | Reached XP level 5. HP: 24/33 MP: 5/5
  2318 | D:4      | Noticed a phantom
  2373 | D:4      | Killed a phantom
  2373 | D:4      | Reached XP level 6. HP: 23/39 MP: 6/6
  2503 | D:4      | Noticed a sky beast
  2530 | D:4      | Killed a sky beast
  2530 | D:4      | Reached skill level 5 in Fighting
  2530 | D:4      | Reached skill level 6 in Unarmed Combat
  2530 | D:4      | Reached XP level 7. HP: 22/44 MP: 7/7
  2693 | D:4      | Found Heet's Assorted Antiques.
  2743 | D:4      | Reached *** piety under Trog
  3192 | D:5      | Entered Level 5 of the Dungeon
  3523 | D:5      | Found a burning altar of Makhleb.
  4385 | D:6      | Found a glowing golden altar of the Shining One.
  4428 | D:6      | Reached skill level 7 in Unarmed Combat
  4434 | D:6      | Reached XP level 8. HP: 49/51 MP: 8/8
  4735 | D:6      | Received a gift from Trog
  4751 | D:6      | Slain by an orc warrior

Skill      XL: |  1  2  3  4  5  6  7 |
---------------+----------------------+-----
Unarmed Combat | 4 5 6 7 |  7.2
Fighting       | 4 5 6 |  6.5
Armour         | 3 4 |  4.5
Dodging        | |  1.5

Action                   |  1- 3 |  4- 6 |  7- 9 || total
-------------------------+-------+-------+-------++-------
Melee: Unarmed           |    82 |   239 |   223 ||   544
       Punch             |     1 |     6 |     7 ||    14
  Use: Scroll            |     5 |     5 |     6 ||    16
  Eat: Chunk             |       |     5 |     8 ||    13
Armor: Animal skin       |    16 |       |       ||    16
       Scale mail        |    10 |    43 |       ||    53
       Leather armour    |     6 |       |       ||     6
       Fire dragon scale |       |   108 |   107 ||   215
       Plate armour      |       |       |     9 ||     9
Dodge: Dodged            |    65 |   120 |   132 ||   317
